Map: Crimson Court LE

Players

Ryung - Winner!

  • Race: Terran Terran
  • Spawn Location: 1:00

Future

  • Race: Terran Terran
  • Spawn Location: 7:00

Event: ESL Spring 2024 Finals

VOD

Have the link to the VOD?

Description

Time

  • Played on: May 31, 2024, 11:43 a.m.
  • Length: 11:19

All games in this series

Show
View Real Time Build Order
Export as new Build Order

Ryung Terran - Winner!

Build Orders: Cyclone Opening 

Get SALT Encoding   

  12  0:00  SCV  
  13  0:12  SCV  
  14  0:16  Supply Depot  
  14  0:24  SCV  
  15  0:38  SCV  
  15  0:41  Barracks  
  16  0:43  Refinery  
  16  0:50  SCV  
  16  0:52  Refinery  
  17  1:02  SCV  
  18  1:14  SCV  
  19  1:27  Reaper  
  19  1:28  Orbital Command  
  19  1:32  Supply Depot  
  20  1:41  Factory  
  21  1:54  SCV  
  21  1:59  Reaper  
  22  2:06  SCV  
  23  2:18  SCV  
  23  2:25  Hellion  
  24  2:30  SCV  
  24  2:32  Barracks Reactor  
  25  2:37  Command Center  
  25  2:42  SCV  
  26  2:47  Cyclone  
  28  2:53  Supply Depot  
  28  2:55  SCV  
  27  3:07  SCV  
  27  3:08  Marine  
  27  3:10  Starport, Marine  
  30  3:19  SCV, Factory Tech Lab  
  31  3:31  SCV  
  30  3:39  Marine  
  30  3:40  Siege Tank, Marine  
  35  3:43  SCV  
  35  3:48  Starport Tech Lab  
  36  3:56  Supply Depot, SCV  
  37  4:09  Raven  
  38  4:10  Interference Matrix  
  38  4:12  SCV  
  39  4:17  Marine x2  
  41  4:25  SCV, Refinery  
  41  4:26  Orbital Command  
  42  4:32  Siege Tank  
  45  4:39  SCV  
  45  4:42  Marine  
  45  4:43  Marine  
  48  4:51  SCV  
  49  4:56  SCV  
  49  4:59  Raven  
  52  5:04  SCV  
  53  5:08  SCV  
  54  5:16  SCV  
  54  5:20  SCV  
  56  5:22  Siege Tank  
  56  5:23  Marine  
  56  5:24  Marine  
  56  5:28  SCV  
  59  5:33  SCV  
  60  5:40  SCV  
  61  5:45  SCV  
  61  5:48  Command Center  
  62  5:57  Supply Depot  
  62  5:59  Viking x2  
  62  6:00  SCV x2  
  62  6:01  Refinery  
  68  6:12  SCV x2  
  68  6:14  Supply Depot  
  68  6:18  Siege Tank, Marine  
  74  6:20  Supply Depot  
  74  6:24  SCV x2  
  76  6:29  Viking  
  78  6:36  Viking  
  78  6:38  Stimpack  
  78  6:39  SCV  
  81  6:41  SCV  
  82  6:51  Siege Tank  
  85  6:57  SCV x2  
  87  7:02  Viking  
  87  7:06  Viking  
  91  7:14  SCV x2  
  86  7:16  Marine  
  86  7:17  Orbital Command  
  81  7:24  Siege Tank  
  81  7:26  SCV x2  
  84  7:32  Viking  
  84  7:40  SCV  
  79  7:46  Orbital Command, Barracks  
  79  7:47  Barracks  
  79  7:48  Viking  
  79  7:52  SCV x2  
  81  7:58  Engineering Bay  
  81  8:02  Viking  
  83  8:10  Marine  
  83  8:11  Siege Tank  
  83  8:12  SCV x2  
  89  8:13  SCV  
  90  8:22  Barracks x2  
  86  8:31  SCV x3  
  86  8:32  Liberator  
  92  8:36  Barracks Reactor x2  
  92  8:38  Terran Infantry Weapons Level 1  
  92  8:46  SCV  
  92  8:47  SCV  
  94  8:53  Marine  
  94  8:55  SCV  
  96  8:58  Engineering Bay  
  96  8:59  SCV  
  96  9:00  Siege Tank  
  96  9:02  SCV  
  101  9:07  SCV  
  96  9:10  Marine  
  96  9:11  SCV  
  96  9:14  Marine x6  
  81  9:28  Marine  
  80  9:31  Marine  
  80  9:32  Marine x5  
  71  9:46  Marine  
  71  9:49  Marine  
  71  9:50  Marine x3  
  75  10:01  Marine x2  
  75  10:04  Marine  
  78  10:07  Marine x3  
  78  10:11  Supply Depot  
  78  10:23  Marine x4  
  82  10:29  Marine x2  
  82  10:33  Marine  
  81  10:41  Marine x3  
  85  10:47  Marine x2  
  87  10:51  Marine  
  88  10:59  Marine  
Show
View Real Time Build Order
Export as new Build Order

Future Terran 

Build Orders:  

Get SALT Encoding   

  12  0:00  SCV  
  13  0:12  SCV  
  14  0:16  Supply Depot  
  14  0:24  SCV  
  15  0:38  SCV  
  15  0:39  Barracks  
  16  0:43  Refinery  
  16  0:50  SCV  
  17  0:59  Refinery  
  17  1:02  SCV  
  18  1:14  SCV  
  19  1:26  Orbital Command, Reaper  
  20  1:44  Factory  
  20  1:52  SCV  
  21  1:55  Supply Depot  
  21  1:58  Reaper  
  22  2:04  SCV  
  23  2:17  SCV  
  23  2:19  Command Center  
  24  2:29  SCV  
  25  2:30  Hellion  
  25  2:32  Barracks Reactor  
  27  2:41  Starport  
  27  2:46  Supply Depot  
  27  2:48  SCV  
  28  2:54  Factory Tech Lab  
  28  3:01  SCV  
  29  3:09  Marine x2  
  31  3:13  SCV  
  31  3:17  Siege Tank  
  35  3:27  SCV  
  35  3:32  Marine x2  
  35  3:33  Orbital Command  
  35  3:39  Refinery  
  35  3:40  SCV, Medivac  
  37  3:50  Marine x2  
  37  3:52  Siege Tank  
  42  3:55  SCV  
  42  3:59  SCV  
  44  4:03  Supply Depot  
  44  4:08  SCV  
  44  4:09  Marine x2  
  47  4:11  SCV  
  47  4:14  Starport Tech Lab  
  48  4:20  SCV  
  48  4:23  SCV  
  50  4:25  Siege Tank  
  50  4:26  Supply Depot  
  50  4:28  Marine x2  
  55  4:32  SCV  
  55  4:35  SCV  
  57  4:43  Raven  
  57  4:44  Interference Matrix  
  59  4:45  SCV  
  59  4:47  SCV  
  59  4:49  Supply Depot  
  61  4:57  Marine x2  
  56  5:01  Siege Tank  
  56  5:03  SCV x2  
  61  5:15  SCV x2  
  61  5:16  Marine x2  
  61  5:17  Raven  
  67  5:22  Command Center  
  64  5:29  SCV x2  
  64  5:30  Supply Depot  
  64  5:34  Marine x2  
  68  5:37  Siege Tank  
  68  5:41  SCV x2  
  73  5:45  Barracks  
  73  5:48  Barracks  
  73  5:49  Refinery  
  73  5:54  SCV x2  
  75  6:04  Viking, Stimpack  
  75  6:06  Engineering Bay, Viking  
  75  6:07  Engineering Bay  
  75  6:09  SCV x2  
  81  6:13  Siege Tank  
  81  6:14  Marine  
  85  6:21  SCV  
  86  6:30  Supply Depot  
  86  6:33  SCV  
  86  6:34  SCV  
  86  6:35  Viking  
  86  6:36  Viking, Barracks Reactor x2  
  91  6:44  Supply Depot  
  91  6:45  SCV  
  91  6:46  SCV  
  93  6:48  Siege Tank  
  96  6:56  Supply Depot  
  96  6:57  SCV  
  96  6:58  SCV  
  98  7:03  Barracks  
  98  7:04  Barracks  
  98  7:05  Orbital Command  
  98  7:13  SCV  
  85  7:17  SCV  
  85  7:18  Marine  
  85  7:20  Siege Tank, Marine x4  
  81  7:25  SCV  
  81  7:29  SCV  
  81  7:30  Terran Infantry Weapons Level 1, Terran Infantry Armor Level 1  
  81  7:34  Orbital Command  
  81  7:36  Marine  
  80  7:37  SCV, Marine  
  80  7:38  Marine x3  
  80  7:41  SCV  
  70  7:46  Medivac  
  70  7:50  Medivac  
  73  7:52  Siege Tank  
  73  7:54  Marine  
  73  7:55  Marine x2  
  73  7:57  Marine x2  
  81  8:07  Marine x2  
  81  8:12  Orbital Command, Marine  
  81  8:13  Marine x2  
  81  8:15  Marine x2  
  85  8:24  Siege Tank  
  85  8:25  Marine  
  87  8:30  Marine  
  87  8:31  Marine x2  
  87  8:33  Marine x2  
  92  8:36  Armory  
  91  8:43  Marine  
  91  8:46  Supply Depot  
  91  8:47  Marine  
  93  8:49  Starport  
  93  8:50  Marine x2  
  93  8:51  Marine  
  93  8:52  Marine  
  96  8:56  Siege Tank  
  96  9:00  Marine  
  100  9:05  Supply Depot, Marine  
  100  9:07  Marine  
  100  9:08  Marine  
  100  9:09  Marine  
  104  9:10  Marine  
  104  9:18  Marine  
  104  9:23  Marine  
  101  9:25  Marine  
  101  9:26  Marine x2  
  101  9:28  Marine  
  96  9:36  Marine  
  90  9:42  Supply Depot  
  90  9:43  Supply Depot  
  83  10:13  Orbital Command  
  82  10:27  Supply Depot x2  
  79  10:43  Marine  
  79  10:53  Marine  
Tags
 
Add a new tag
Caveats
  • Supply blocks, unpowered buildings, or Contaminate may cause inaccurate times.
  • Supply counts are checked every 10 seconds.